 Dungeon Crawl Stone Soup version 0.21-a0-396-ga924934 (webtiles) character file.

382 KnobCreek the Conjurer (level 6, -1/41 HPs)
             Began as a Mummy Conjurer on Oct 20, 2017.
             Slain by a bullfrog (3 damage)
             ... in a sewer.
             The game lasted 00:14:14 (3773 turns).

KnobCreek the Conjurer (Mummy Conjurer)             Turns: 3773, Time: 00:14:15

Health: -1/41      AC:  6    Str: 11    XL:     6   Next: 47%
Magic:  3/14       EV: 12    Int: 16    God:
Gold:   56         SH:  0    Dex: 13    Spells: 5/15 levels left

rFire    x . .     SeeInvis .   e - +0 dagger (vamp)
rCold    + . .     Gourm    .   (no shield)
rNeg     + + +     Faith    .   a - +0 robe
rPois    ∞         Spirit   .   g - +2 helmet
rElec    .         Reflect  .   (no cloak)
rCorr    .         Harm     .   d - +0 pair of gloves
MR       .....                  (no boots)
Stlth    +.........             (no amulet)
HPRegen  0.13/turn              (no ring)
MPRegen  0.14/turn              (no ring)

@: very slow
A: no food or potions, fire vulnerability, cold resistance 1, negative energy
resistance 3, torment resistance, unbreathing
a: no special abilities


You were in a sewer.
You were not hungry.

You visited 1 branch of the dungeon, and saw 3 of its levels.
You also visited: Sewer.

You collected 56 gold pieces.

Inventory:

Hand Weapons
 c - a +0 club
 e - a +0 vampiric dagger (weapon)
 n - a +3 dagger of freezing
Missiles
 f - 50 stones (quivered)
 j - a throwing net
Armour
 a - a +0 robe (worn)
 d - a +0 pair of gloves (worn)
 g - a +2 helmet (worn)
 k - a +2 pair of boots
Jewellery
 h - a cursed ring of teleportation {unknown}
Scrolls
 i - a scroll of enchant weapon
 l - a scroll of identify
 o - 2 scrolls of recharging
Books
 b - a book of Conjurations

   Spells                             Type                      Level
   a - Magic Dart                     Conjuration                  1
   b - Searing Ray                    Conjuration                  2
   c - Dazzling Spray                 Conjuration/Hexes            3
   d - Fulminant Prism                Conjuration/Hexes            4
   e - Force Lance                    Conjuration/Translocation    4
   f - Iskenderun's Mystic Blast      Conjuration                  4


   Skills:
 - Level 1.5 Dodging
 - Level 1.5 Stealth
 + Level 5.4 Spellcasting
 + Level 5.6 Conjurations


You had 5 spell levels left.
You knew the following spells:

 Your Spells              Type           Power        Failure   Level  Hunger
a - Magic Dart            Conj           ###.         1%          1    N/A
b - Searing Ray           Conj           ###...       2%          2    N/A
c - Iskenderun's Mystic   Conj           ###.....     14%         4    N/A
d - Dazzling Spray        Conj/Hex       ##....       14%         3    N/A

Dungeon Overview and Level Annotations

Branches:
Dungeon (3/15)

Altars:
Okawaru
Uskayaw
Xom


Innate Abilities, Weirdness & Mutations

You do not eat or drink.
Your flesh is vulnerable to fire.
You are immune to poison.
Your flesh is cold resistant. (rC+)
You are immune to negative energy. (rN+++)
You are immune to unholy pain and torment.
You can survive without breathing.


Message History

The bullfrog misses you.
Casting: Dazzling Spray
Confirm with . or Enter, or press ? or * to list all spells.
You don't have enough magic to cast that spell.
Unknown command.
You enter the shallow water.
Moving in this stuff is going to be slow.
The bullfrog barely misses you. The bullfrog closely misses you.
The bullfrog misses you. The bullfrog hits you.
* * * LOW HITPOINT WARNING * * *
The bullfrog hits you but does no damage.
The bullfrog hits you!
* * * LOW HITPOINT WARNING * * *
The bullfrog barely misses you. The bullfrog hits you.
* * * LOW HITPOINT WARNING * * *
The bullfrog closely misses you.
The bullfrog hits you but does no damage.
The bullfrog hits you.
You die...

#≈≈≈≈≈≈# #≈≈≈≈≈≈#
#≈≈≈≈≈≈# #≈≈≈≈≈≈#
#≈≈≈≈≈≈# #≈≈≈≈≈≈#
#≈J≈≈≈≈# #≈≈≈≈≈≈#
#≈.≈≈≈≈# #≈≈≈≈≈≈#
#≈J#≈≈≈# #≈≈[.≈≈#
#≈#≈≈≈≈# ##≈≈≈≈##
#≈≈≈F≈≈# #≈≈≈≈≈≈#
#≈≈≈F@≈# #†≈≈≈≈≈#
#≈≈≈≈≈≈# #≈≈≈≈≈≈#
#≈≈≈≈≈≈# #≈≈≈≈≈≈#
#≈≈≈≈≈≈##### #≈≈÷≈≈≈#
##≈≈≈≈.##!!# ##≈÷≈≈†#
#......##!!###..÷..÷#
##......##'##.....†##
#.........#.......#
##...............##


You could see 2 bullfrogs and 2 oozes.

Vanquished Creatures
  A scorpion (D:2)
  Natasha (thrice) (D:2)
  7 gnolls
  5 adders
  4 river rats (Sewer)
  2 oozes
  2 worms
  2 dart slugs
  2 leopard geckos
  An orc (D:3)
  4 giant cockroaches
  13 goblins
  3 hobgoblins
  2 jackals (D:3)
  2 quokkas (D:3)
  10 ball pythons (Sewer)
  10 bats
  8 frilled lizards
  6 kobolds
  28 rats
115 creatures vanquished.

Notes
Turn   | Place    | Note
-------+----------+-------------------------------------------
     0 | D:1      | KnobCreek the Mummy Conjurer began the quest for the Orb.
     0 | D:1      | Reached XP level 1. HP: 13/13 MP: 4/4
   170 | D:1      | Reached XP level 2. HP: 19/19 MP: 0/5
   235 | D:1      | Learned a level 2 spell: Searing Ray
  1114 | D:2      | Noticed a scorpion
  1119 | D:2      | Killed a scorpion
  1119 | D:2      | Reached XP level 3. HP: 22/24 MP: 1/8
  1119 | D:2      | Reached XP level 4. HP: 28/30 MP: 1/9
  1139 | D:2      | Learned a level 4 spell: Iskenderun's Mystic Blast
  1496 | D:2      | Noticed Natasha
  1818 | D:2      | Found an iron altar of Okawaru.
  1963 | D:2      | Killed Natasha
  1963 | D:2      | Reached XP level 5. HP: 31/35 MP: 1/11
  2212 | D:2      | Found a shimmering altar of Xom.
  2212 | D:2      | Found a hide-covered altar of Uskayaw.
  2265 | D:2      | Learned a level 3 spell: Dazzling Spray
  2275 | D:2      | Reached skill level 5 in Conjurations
  2470 | D:2      | Noticed Natasha
  2475 | D:2      | Killed Natasha
  2534 | D:2      | Noticed Natasha
  2542 | D:2      | Killed Natasha
  2821 | D:3      | Reached XP level 6. HP: 41/41 MP: 6/13
  2872 | D:3      | Reached skill level 5 in Spellcasting
  2980 | D:3      | Found a glowing drain.
  2996 | Sewer    | Entered a sewer
  3772 | Sewer    | HP: 2/41 [bullfrog (4)]
  3773 | Sewer    | Slain by a bullfrog

Vault maps used:
D:1:      dpeg_arrival_rooms_c
D:2:      gammafunk_temple_overflow_elements, lemuel_doored_altar, uniq_natasha
D:3:      first_bread, cheibrodos_sewer_entry_drain
Sewer:    sewer_minmay_w

Skill      XL: |  1  2  3  4  5  6 |
---------------+-------------------+-----
Spellcasting   | 3 4 5 |  5.4
Conjurations   | 4 5 |  5.6
Dodging        | |  1.5
Stealth        | |  1.5

Action                   |  1- 3 |  4- 6 || total
-------------------------+-------+-------++-------
Melee: Dagger            |    13 |    33 ||    46
 Cast: Magic Dart        |    41 |   135 ||   176
       Searing Ray       |     1 |    18 ||    19
       Dazzling Spray    |       |     2 ||     2
  Use: Scroll            |     3 |     5 ||     8
 Stab: Sleeping          |       |     2 ||     2
Armor: Robe              |     7 |    52 ||    59
Dodge: Dodged            |     6 |   118 ||   124

Table legend:
 A = Spawn XP
 B = Non-spawn XP
 C = Spawn XP percentage of total XP
 D = Spawn monster count
 E = Non-spawn monster count
 F = Spawn count percentage of total count
 G = Total turns spent on level
                    A         B        C        D         E        F      G
               +---------+---------+-------+---------+---------+-------+---------
         Total |       0 |     547 |   0.0 |       0 |     115 |   0.0 |  3773
               +---------+---------+-------+---------+---------+-------+---------
           D:1 |       0 |      50 |   0.0 |       0 |      24 |   0.0 |  1565
           D:2 |       0 |     306 |   0.0 |       0 |      30 |   0.0 |  1121
           D:3 |       0 |      53 |   0.0 |       0 |      17 |   0.0 |   310
         Sewer |       0 |     138 |   0.0 |       0 |      44 |   0.0 |   777
               +---------+---------+-------+---------+---------+-------+---------
